 Dungeon Crawl Stone Soup version 0.21.0-24-g2553a33 (webtiles) character file.

3130 Mesmaeker13 the Thaumaturge (level 9, -5/48 HPs)
             Began as a Deep Elf Fire Elementalist on Jan 20, 2018.
             Was a Believer of Sif Muna.
             Slain by a yak (11 damage)
             ... on level 7 of the Dungeon.
             The game lasted 00:16:51 (8015 turns).

Mesmaeker13 the Thaumaturge (DEFE)                  Turns: 8015, Time: 00:16:52

Health: -5/48      AC:  5    Str:  5 (8)  XL:     9   Next: 61%
Magic:  32/32      EV: 15    Int: 22 (24) God:    Sif Muna [**....]
Gold:   384        SH:  0    Dex: 15      Spells: 17/25 levels left

rFire    . . .     SeeInvis .   h - +4 short sword (elec)
rCold    . . .     Gourm    .   (no shield)
rNeg     . . .     Faith    .   a - +0 robe
rPois    .         Spirit   .   D - +2 helmet {Int+3}
rElec    .         Reflect  +   (no cloak)
rCorr    .         Harm     .   (no gloves)
MR       .....                  (no boots)
Stlth    +.........             r - +3 amulet of reflection
HPRegen  0.16/turn              g - ring of magical power
MPRegen  0.23/turn              I - -3 ring of evasion

@: confused
A: no striking features
a: Divine Energy, Renounce Religion


You were on level 7 of the Dungeon.
You worshipped Sif Muna.
Sif Muna was pleased with you.
You were very hungry.

You visited 2 branches of the dungeon, and saw 9 of its levels.
You also visited: Ossuary.

You collected 384 gold pieces.

Inventory:

Hand Weapons
 h - a +4 short sword of electrocution (weapon)
 j - a +2 whip of venom
 t - a +2 dagger of draining
 u - a cursed -3 dagger
 F - a cursed -1 war axe
Armour
 a - a +0 robe (worn)
 D - a +2 helmet of intelligence (worn)
Jewellery
 g - a ring of magical power (left hand)
 r - a +3 amulet of reflection (around neck)
 E - an uncursed ring of protection from cold
 I - a -3 ring of evasion (right hand)
Wands
 v - a wand of acid (7)
Scrolls
 d - a scroll of blinking
 e - a scroll of immolation {unknown}
 f - 4 scrolls of remove curse
 k - 2 scrolls of teleportation
 m - a scroll of fear {unknown}
 p - 2 scrolls of amnesia {unknown}
 q - a scroll of random uselessness {unknown}
 y - a scroll of magic mapping {unknown}
 B - 2 scrolls of enchant weapon {unknown}
 C - a scroll of fog {unknown}
 G - a scroll of identify
Potions
 i - 3 potions of flight
 l - 2 potions of berserk rage
 n - a potion of degeneration
 s - 3 potions of might
 w - a potion of agility {unknown}
 x - 3 potions of curing {unknown}
 z - 2 potions of haste {unknown}
 A - a potion of heal wounds {unknown}
 H - a potion of invisibility {unknown}
Books
 b - a book of Flames

   Spells                             Type                      Level
   a - Flame Tongue                   Conjuration/Fire             1
   b - Throw Flame                    Conjuration/Fire             2
   c - Conjure Flame                  Conjuration/Fire             3
   d - Inner Flame                    Hexes/Fire                   3
   e - Sticky Flame                   Conjuration/Fire             4
   f - Fireball                       Conjuration/Fire             5
Comestibles
 c - 6 rations


   Skills:
 + Level 2.0 Fighting
 + Level 8.5 Dodging
 - Level 2.4 Stealth
 - Level 8.6 Spellcasting
 + Level 7.3 Conjurations
 + Level 8.1 Fire Magic


You had 17 spell levels left.
You knew the following spells:

 Your Spells              Type           Power        Failure   Level  Hunger
a - Flame Tongue          Conj/Fire      #####        1%          1    None
b - Throw Flame           Conj/Fire      #####.       1%          2    None
c - Fireball              Conj/Fire      #####.....   8%          5    #####..


Dungeon Overview and Level Annotations

Branches:
Dungeon (8/15)             Temple (1/1) D:4
   Lair: D:8-11

Altars:
Cheibriados
Elyvilon
Fedhas
Gozag
Hepliaklqana
Kikubaaqudgha
Makhleb
Okawaru
Qazlal
Sif Muna
Trog
Vehumet
Wu Jian
Xom
Yredelemnul

Shops:
D:7 (


Message History

Aim: a yak The bolt of acid hits the yak.
The yak is splashed with acid.
The yak is heavily wounded.
The necrophage closely misses you. The yak gores you!
Evoke which item? (* to show all) (? for menu, Esc to quit)
Aiming: Corrosive Bolt
Press: ? - help, Shift-Dir - straight line, f/p - yak
Aim: a yak (heavily wounded)
The bolt of acid hits the yak.
The yak is splashed with acid.
The acid corrodes the yak!
The yak is severely wounded.
The necrophage barely misses you. The yak gores you!
* * * LOW HITPOINT WARNING * * *
Unknown command.
You are confused.
You feel invigorated. The necrophage closely misses you. The yak gores you!
* * * LOW HITPOINT WARNING * * *
Unknown command.
The necrophage barely misses you. The yak gores you!
You die...

#.####...##
#... ##.#
###..#####..
#..#
##...#...#
#.## ###!#.###
#.# #...# #.#
#..## # #.#
##...### #n#
#..#..## #@#
##.###.##
#.####Y#
###..# #...
#......#
#...## ###.
#####..###
#.### #.
##...# #.# #.
#.#.## #.# #.
#.#..###.# #.
.#....%..#
#.##.##..# #.
.Z.......#
#.##....######
#.


You could see a yak and a necrophage.

Vanquished Creatures
  Pikel (D:6)
  A hippogriff (D:7)
  2 yaks (D:7)
  3 orc warriors
  3 slaves (D:6)
  2 black bears (D:6)
  A necrophage (D:7)
  2 centaurs (D:6)
  3 ogres
  A bullfrog (D:7)
  2 scorpions
  3 wights (D:6)
  3 howler monkeys
  3 hounds (D:7)
  3 jellies
  3 orc wizards
  A bullfrog skeleton (D:7)
  A centaur skeleton (D:4)
  5 worker ants
  6 big kobold zombies (Ossuary)
  2 mummies (Ossuary)
  Robin (D:3)
  10 adders
  11 gnolls
  A howler monkey skeleton (D:2)
  4 adder zombies
  2 adder skeletons (D:4)
  2 worms
  A dart slug (D:3)
  7 leopard geckos
  7 orcs
  13 giant cockroaches
  A gnoll zombie (Ossuary)
  13 goblins
  5 hobgoblins
  14 jackals
  4 quokkas
  6 bats
  4 frilled lizards
  3 hobgoblin zombies (Ossuary)
  9 kobolds
  7 kobold zombies (Ossuary)
  2 leopard gecko skeletons
  2 orc zombies (Ossuary)
  A quokka skeleton (D:4)
  2 quokka zombies
  3 rats
186 creatures vanquished.

Vanquished Creatures (others)
  A kobold (D:2)
1 creature vanquished.

Grand Total: 187 creatures vanquished

Notes
Turn   | Place    | Note
-------+----------+-------------------------------------------
     0 | D:1      | Mesmaeker13 the Deep Elf Fire Elementalist began the quest for the Orb.
     0 | D:1      | Reached XP level 1. HP: 10/10 MP: 6/6
    88 | D:1      | Reached XP level 2. HP: 15/15 MP: 2/8
   505 | D:2      | Reached XP level 3. HP: 14/19 MP: 10/10
   710 | D:2      | Reached XP level 4. HP: 19/24 MP: 11/12
  1589 | D:2      | Learned a level 2 spell: Throw Flame
  1734 | D:2      | Reached XP level 5. HP: 22/28 MP: 13/13
  1961 | D:2      | Found a radiant altar of Vehumet.
  2879 | D:3      | Noticed Robin
  2885 | D:3      | Killed Robin
  3189 | D:4      | Reached XP level 6. HP: 32/32 MP: 15/15
  3310 | D:4      | Found a hazy altar of Hepliaklqana.
  3362 | D:4      | Reached skill level 5 in Spellcasting
  3481 | D:4      | Found a sand-covered staircase.
  3489 | Ossuary  | Entered an ossuary
  4099 | Ossuary  | Reached skill level 5 in Fire Magic
  4220 | D:4      | Found a staircase to the Ecumenical Temple.
  4271 | Temple   | Entered the Ecumenical Temple
  4280 | Temple   | Became a worshipper of Sif Muna the Loreminder
  4356 | D:4      | Reached skill level 5 in Dodging
  4415 | D:4      | Found an iron altar of Okawaru.
  4416 | D:4      | Found a basalt altar of Yredelemnul.
  4430 | D:4      | Found a blossoming altar of Fedhas.
  4556 | D:4      | Reached XP level 7. HP: 36/36 MP: 16/17
  4962 | D:5      | Entered Level 5 of the Dungeon
  5797 | D:6      | Learned a level 5 spell: Fireball
  5802 | D:6      | Reached skill level 5 in Conjurations
  5802 | D:6      | Reached XP level 8. HP: 22/41 MP: 20/20
  6303 | D:6      | Reached * piety under Sif Muna
  6719 | D:6      | Noticed Pikel
  6726 | D:6      | Killed Pikel
  6726 | D:6      | Reached XP level 9. HP: 43/45 MP: 19/23
  6872 | D:6      | Reached ** piety under Sif Muna
  6903 | D:7      | Found Gamumnot's Weapon Emporium.
  7551 | D:7      | Reached skill level 1 in Fighting
  8014 | D:7      | HP: 1/48 [yak (14)]
  8015 | D:7      | Slain by a yak

Skill      XL: |  1  2  3  4  5  6  7  8  9 |
---------------+----------------------------+-----
Dodging        | 3 4 5 6 7 8 |  8.5
Conjurations   | 2 3 4 5 6 7 |  7.3
Spellcasting   | 4 5 6 8 |  8.6
Fire Magic     | 4 5 6 7 8 |  8.1
Fighting       | 2 |  2.0
Stealth        | |  2.4

Action                   |  1- 3 |  4- 6 |  7- 9 || total
-------------------------+-------+-------+-------++-------
Melee: Unarmed           |     2 |       |       ||     2
       Short sword       |     9 |     8 |     4 ||    21
 Cast: Flame Tongue      |    43 |   189 |   195 ||   427
       Throw Flame       |       |    33 |    37 ||    70
       Fireball          |       |       |     6 ||     6
Evoke: Wand              |       |       |     3 ||     3
  Use: Scroll            |       |     6 |     2 ||     8
       Potion            |       |       |     3 ||     3
 Stab: Sleeping          |       |     1 |       ||     1
  Eat: Chunk             |       |     8 |     3 ||    11
       Ration            |       |     1 |     2 ||     3
Armor: Robe              |     4 |     6 |    21 ||    31
Dodge: Dodged            |    31 |    59 |    78 ||   168
Block: Other             |       |     1 |    14 ||    15
